 Dungeon Crawl Stone Soup version 0.26.1-2-gb8aa6d0cf2 (webtiles) character file.

Game seed: 15372719821954609832

108 Cykl0x the Skirmisher (level 4, -6/40 HPs)
             Began as a Minotaur Fighter on Mar 20, 2021.
             Killed by divine providence
             ... invoked by an orc priest
              (13 damage)
             ... on level 3 of the Dungeon.
             The game lasted 00:02:41 (2167 turns).

Cykl0x the Skirmisher (Minotaur Fighter)            Turns: 2167, Time: 00:02:41

Health: -6/40      AC:  8    Str: 22    XL:     4   Next: 58%
Magic:  3/3        EV:  8    Int:  5    God:
Gold:   81         SH: 10    Dex:  9    Spells: 3/3 levels left

rFire    . . .     SeeInvis .   a - +0 long sword
rCold    . . .     Faith    .   c - +1 kite shield
rNeg     . . .     Spirit   .   b - +0 scale mail
rPois    .         Reflect  .   (helmet restricted)
rElec    .         Harm     .   q - +0 cloak
rCorr    .         Rampage  .   (no gloves)
Will     .....                  (no boots)
Stlth    ..........             (no amulet)
HPRegen  0.13/turn              (no ring)
MPRegen  0.08/turn              (no ring)

@: brilliant, attractive
A: retaliatory headbutt, horns 2
a: no special abilities


You were on level 3 of the Dungeon.
You visited 1 branch of the dungeon, and saw 3 of its levels.

You collected 81 gold pieces.

Inventory:

Hand Weapons
 a - a +0 long sword (weapon)
Missiles
 f - 65 stones (quivered)
 n - 7 boomerangs
Armour
 b - a +0 scale mail (worn)
 c - a +1 kite shield (worn)
 q - a +0 cloak (worn)
Scrolls
 j - 2 scrolls of remove curse
 k - 2 scrolls of teleportation
 l - a scroll of fog
 o - a scroll of enchant armour
 p - 2 scrolls of enchant weapon {unknown}
Potions
 d - 2 potions of might
 e - a potion of brilliance
 g - a potion of attraction
 i - a potion of cancellation {unknown}
 m - a potion of curing {unknown}
 r - a potion of berserk rage {unknown}


   Skills:
 + Level 4.2 Fighting
 + Level 3.4 Long Blades
 + Level 0.3 Throwing
 + Level 4.2 Armour
 * Level 2.1 Dodging
 + Level 4.1 Shields


You had 3 spell levels left.
You didn't know any spells.
Your spell library was empty.

Dungeon Overview and Level Annotations

Branches:
Dungeon (3/15)

Altars:
Nemelex Xobeh


Innate Abilities, Weirdness & Mutations

You reflexively headbutt those who attack you in melee.
You have a pair of horns on your head.


Message History

The orc barely misses you. You furiously retaliate!
You headbutt the orc!
You kill the orc!
The orc priest is pulled toward you! The orc is pulled toward you!
You barely miss the orc priest. Your headbutt misses the orc priest.
The orc priest hits you but does no damage.
The orc closely misses you.
You riposte.
You barely miss the orc. You headbutt the orc!
You kill the orc!
You hit the orc priest. You headbutt the orc priest.
The orc priest is lightly wounded.
The orc priest hits you with a +0 mace.
* * * LOW HITPOINT WARNING * * *
You hit the orc priest.
The orc priest is moderately wounded.
You block the orc priest's attack.
You slash the orc priest! Your headbutt misses the orc priest.
The orc priest is almost dead.
The orc priest mumbles some strange prayers to Beogh against you.
Beogh smites you!
You die...

#.#.§.....# .
.o....##o# .
#.......#.# . #.
###.#...§...#
..#.## #.<...§# ..
......##g#.##.##.#
. .....#.#......
....#.)#[####.##.#
#.$.[...o@).# ..
....#.†#.###### ##
. #..#.# ....#.#
.....#.# ######..#
.## . ..


You could see an orc priest.

Vanquished Creatures
  Crazy Yiuf (D:2)
  An ooze (D:2)
  2 worms (D:2)
  A dart slug (D:2)
  3 leopard geckos
  8 orcs (D:3)
  A ball python (D:2)
  7 bats
  5 giant cockroaches
  6 goblins
  9 hobgoblins
  A kobold (D:1)
  A quokka (D:2)
  4 rats
50 creatures vanquished.

Notes
Turn   | Place    | Note
-------+----------+-------------------------------------------
     0 | D:1      | Cykl0x the Minotaur Fighter began the quest for the Orb.
     0 | D:1      | Reached XP level 1. HP: 19/19 MP: 0/0
   247 | D:1      | Reached XP level 2. HP: 27/27 MP: 1/1
   307 | D:1      | Found a sparkling altar of Nemelex Xobeh.
   603 | D:1      | Reached skill level 1 in Dodging
  1070 | D:2      | Reached XP level 3. HP: 31/33 MP: 2/2
  1962 | D:2      | Found a runed translucent door.
  1963 | D:2      | Noticed Crazy Yiuf
  1968 | D:2      | Killed Crazy Yiuf
  1969 | D:2      | Reached XP level 4. HP: 40/40 MP: 3/3
  2167 | D:3      | Killed from afar by an orc priest

Illustrated notes

Levels and vault maps discovered:
D:1:      dpeg_arrival_lava_temple_mockup, layout_basic, serial_bayou_ford_a,
          minmay_misc_feat_more_columns, nemelex_xobeh_ov_fountains_minmay
D:2:      layout_basic, hex_large, uniq_crazy_yiuf_cottage
D:3:      layout_loops_cross, gammafunk_temple_overflow_claw,
          chequers_ecumenical_altar_grove, uniq_terence

Skill      XL: |  1  2  3 |
---------------+----------+-----
Dodging        | 1 2 |  2.1
Fighting       | 4 |  4.2
Armour         | 4 |  4.2
Shields        | 4 |  4.1
Long Blades    | 3 |  3.4
Throwing       | |  0.3

Action                   |  1- 3 |  4- 6 || total
-------------------------+-------+-------++-------
Melee: Long sword        |    73 |    26 ||    99
       Headbutt          |    16 |     7 ||    23
Throw: Stone             |    16 |       ||    16
  Use: Scroll            |     7 |       ||     7
       Potion            |       |     3 ||     3
Armor: Scale mail        |    35 |    10 ||    45
Dodge: Dodged            |    21 |    15 ||    36
Block: Kite shield       |    33 |    23 ||    56
       Rpst.: Long sword |     4 |     4 ||     8
